 Dungeon Crawl Stone Soup version 0.30-a0-1082-g70414cbcbb (webtiles) character file.

Game seed: 4672338346583960516

182 Adrian566 the Slasher (level 5, -5/39 HPs)
             Began as a Demonspawn Gladiator on Apr 15, 2023.
             Slain by Grinder (6 damage)
             ... on level 3 of the Dungeon.
             The game lasted 00:02:09 (2234 turns).

Adrian566 the Slasher (Demonspawn Gladiator)        Turns: 2234, Time: 00:02:11

Health: -5/39      AC:  5    Str: 14    XL:     5   Next: 34%
Magic:  5/5        EV: 17    Int: 13    God:
Gold:   158        SH:  0    Dex: 15    Spells: 4/4 levels left

rFire   + . .      SeeInvis .    a - +0 long sword
rCold   . . .      Faith    .    (no shield)
rNeg    . . .      Spirit   .    b - +0 leather armour
rPois   .          Reflect  .    (helmet restricted)
rElec   .          Rampage  .    (no cloak)
rCorr   .                        n - +1 pair of gloves
Will    .....                    (no boots)
Stlth   +                        (no amulet)
HPRegen 0.26/turn                (no ring)
MPRegen 0.09/turn                (no ring)

@: agile, on berserk cooldown, slowed, very slow
A: antennae 1, powered by pain 1, clever 1, fire resistance 1, devolution 1
a: no special abilities


You were on level 3 of the Dungeon.
You visited 1 branch of the dungeon, and saw 3 of its levels.

You collected 158 gold pieces.

Inventory:

Hand Weapons
 a - a +0 long sword (weapon)
Missiles
 d - 3 throwing nets (quivered)
 e - a javelin
Armour
 b - a +0 leather armour (worn)
 c - a +0 helmet
 n - a +1 pair of gloves (worn)
Scrolls
 h - 3 scrolls of brand weapon {unknown}
 i - 3 scrolls of teleportation {unknown}
 l - a scroll of immolation {unknown}
 m - 6 scrolls of identify {unknown}
 o - 2 scrolls of fog {unknown}
 p - a scroll of torment {unknown}
 q - a scroll of amnesia {unknown}
Potions
 j - a potion of lignification {unknown}
 k - 2 potions of curing {unknown}


   Skills:
 + Level 2.6 Fighting
 + Level 4.2 Long Blades
 + Level 1.8 Throwing
 + Level 1.9 Armour
 + Level 3.3 Dodging
 + Level 0.4 Stealth


You had 4 spell levels left.
You didn't know any spells.
Your spell library contained the following spells:

 Spells                   Type           Power      Damage    Failure   Level
 Summon Small Mammal      Summ           0%         N/A       36%         1
 Call Canine Familiar     Summ           0%         N/A       75%         3
 Summon Guardian Golem    Hex/Summ       0%         N/A       75%         3
 Vhi's Electric Charge    Tloc/Air       0%         N/A       75%         3
 Arcjolt                  Conj/Air       0%         1d10      100%        5
 Plasma Beam              Fire/Air       0%         2x1d11    100%        6


Dungeon Overview and Level Annotations

Branches:
Dungeon (3/15)

Altars:

Annotations:
D:3 Grinder


Innate Abilities, Weirdness & Mutations

You have a pair of small antennae on your head.
You sometimes gain a little power by taking damage.
Your mind is acute. (Int +4, Str/Dex -1)
Your flesh is heat resistant. (rF+)
You have hidden genetic defects.


Message History

You suddenly lose the ability to move!
Grinder gestures at you. You resist with significant effort.
You can move again.
Grinder gestures at you. Pain shoots through your body!
You closely miss Grinder.
Grinder is heavily wounded.
Grinder misses you.
You hit Grinder but do no damage.
Grinder is heavily wounded.
Grinder closely misses you.
Grinder blinks!
Grinder grins, showing sharp teeth.
Grinder gestures at you.
You suddenly lose the ability to move!
Grinder gestures at you.
You shrug off the repeated paralysis!
Grinder hits you.
You writhe in agony.
Grinder gestures at you.
You shrug off the repeated paralysis!
You can move again.
You hit Grinder but do no damage.
Grinder is heavily wounded.
Grinder hits you!
You writhe in agony.
You closely miss Grinder.
Grinder is heavily wounded.
Grinder gestures at you. Pain shoots through your body!
You focus on the pain.
You feel agile all of a sudden. Grinder hits you.
* * * LOW HITPOINT WARNING * * *
You writhe in agony.
* * * LOW HITPOINT WARNING * * *
It was a potion of mutation.
You feel extremely strange.
You feel a hidden malignance growing inside you.
You feel resistant to heat.
You feel clever. Grinder hits you.
* * * LOW HITPOINT WARNING * * *
You writhe in agony.
You die...

...#.# #.#.#.###
#.......# #.#.#.#.#
# .. #...# # #.
###.# # # ##.## #
#.####...###ยง# #
#..@5..#.....# ##
######...##########.
##............)
#.###########. #.#
## #.### # #...# ##
###.# ##. #.# ##..


You could see Grinder.

Vanquished Creatures
  Natasha (thrice) (D:2)
  3 gnolls (D:2)
  2 adders (D:2)
  2 dart slugs
  An orc (D:3)
  2 endoplasms
  4 giant cockroaches
  5 hobgoblins (D:1)
  3 jackals
  4 quokkas
  7 ball pythons
  7 bats
  5 frilled lizards
  4 kobolds
  4 rats (D:1)
56 creatures vanquished.

Vanquished Creatures (others)
  6 plants
6 creatures vanquished.

Grand Total: 62 creatures vanquished

Notes
Turn   | Place    | Note
-------+----------+-------------------------------------------
     0 | D:1      | Adrian566 the Demonspawn Gladiator began the quest for the
                  | Orb.
     0 | D:1      | Reached XP level 1. HP: 16/16 MP: 1/1
   175 | D:1      | Reached skill level 3 in Long Blades
   176 | D:1      | Gained mutation: You sometimes gain a little power by
                  | taking damage. [demonic ancestry]
   176 | D:1      | Reached XP level 2. HP: 22/22 MP: 2/2
   608 | D:1      | Reached XP level 3. HP: 23/27 MP: 3/3
  1140 | D:2      | Noticed Natasha
  1151 | D:2      | Killed Natasha
  1152 | D:2      | Reached skill level 1 in Armour
  1245 | D:2      | Reached XP level 4. HP: 34/34 MP: 4/4
  1415 | D:2      | Noticed Natasha
  1421 | D:2      | Killed Natasha
  1422 | D:2      | Reached skill level 4 in Long Blades
  1422 | D:2      | Discovered your monstrous ancestry.
  1422 | D:2      | Gained mutation: You have a pair of small antennae on your
                  | head. [demonic ancestry]
  1422 | D:2      | Reached XP level 5. HP: 20/39 MP: 5/5
  1567 | D:2      | Noticed Natasha
  1574 | D:2      | Killed Natasha
  2201 | D:3      | Noticed Grinder
  2221 | D:3      | Paralysed by Grinder for 2 turns
  2227 | D:3      | Paralysed by Grinder for 5 turns
  2234 | D:3      | Gained mutation: You have hidden genetic defects. [potion
                  | of mutation]
  2234 | D:3      | Gained mutation: Your flesh is heat resistant. (rF+)
                  | [potion of mutation]
  2234 | D:3      | Gained mutation: Your mind is acute. (Int +4, Str/Dex -1)
                  | [potion of mutation]
  2234 | D:3      | HP: 1/39 [Grinder (3)]
  2234 | D:3      | Slain by Grinder

Illustrated notes

Levels and vault maps discovered:
D:1:      onia_arrival_mini_maze_b, layout_loops_ring, minmay_strange_pillars,
          corexii_hall_statues_x, serial_bayou_ford_a, minmay_tromino_v7
D:2:      layout_loops_ring, serial_forest, infiniplex_forest_clump_small,
          infiniplex_forest_clump_small, infiniplex_forest_straight_5,
          infiniplex_forest_clump_tiny, infiniplex_forest_clump_curved,
          infiniplex_forest_clump_small, infiniplex_forest_3_way,
          minmay_pentomino_pile, uniq_natasha
D:3:      minmay_door_path, layout_loops_ring, minitemple,
          minmay_close_crescents, uniq_grinder

Skill      XL: |  1  2  3  4 |
---------------+-------------+-----
Long Blades    | 3 4 |  4.2
Dodging        | 3 |  3.3
Armour         | 1 |  1.9
Fighting       | |  2.6
Throwing       | |  1.8
Stealth        | |  0.4

Action                     |  1- 3 |  4- 6 || total
---------------------------+-------+-------++-------
  Melee: Long sword        |   107 |    73 ||   180
         Punch             |       |     1 ||     1
    Use: Potion            |     1 |     2 ||     3
 Armour: Leather armour    |    34 |    24 ||    58
  Dodge: Dodged            |    88 |    53 ||   141

Table legend: (Time is in decaauts)
 A = Elapsed time spent in this place.
 B = Non-inter-level travel time spent in this place.
 C = Inter-level travel time spent in this place.
 D = Time resting spent in this place.
 E = Time spent auto-exploring this place.
 F = Levels seen in this place.
 G = Mean time per level.
                   A        B        C        D        E       F      G
               +--------+--------+--------+--------+--------+-----+--------+
         Total |   2303 |   2216 |     87 |      0 |   1746 |   3 |  767.7 |
       Dungeon |   2303 |   2216 |     87 |      0 |   1746 |   3 |  767.7 |
               +--------+--------+--------+--------+--------+-----+--------+

Top non-repeatable levels by time:
     D:1: 1144 daAuts
     D:2: 1046 daAuts
     D:3: 112 daAuts
